Map: Ice and Chrome LE

Players

DisK

  • Race: Protoss Protoss
  • League: Grandmaster
  • Spawn Location: 1:00

Scarlett - Winner!

  • Race: Zerg Zerg
  • Spawn Location: 7:00

Event: DreamHack SC2 Masters 2020 Fall

VOD

Have the link to the VOD?

Description

Time

  • Played on: Sept. 3, 2020, 5:19 p.m.
  • Length: 13:24

All games in this series

Show
View Real Time Build Order
Export as new Build Order

DisK Protoss 

Build Orders: 1 Gate Expand 

Get SALT Encoding   

  12  0:00  Probe  
  13  0:12  Probe  
  14  0:20  Pylon  
  14  0:24  Probe  
  15  0:38  Probe (Chrono Boost)  
  15  0:39  Gateway  
  16  0:48  Probe (Chrono Boost)  
  16  0:49  Assimilator  
  17  0:52  Probe (Chrono Boost)  
  18  1:04  Probe  
  19  1:16  Probe  
  20  1:23  Nexus  
  20  1:33  Cybernetics Core  
  20  1:36  Probe  
  21  1:41  Assimilator  
  21  1:48  Probe  
  21  1:51  Pylon  
  22  2:01  Probe (Chrono Boost)  
  23  2:07  Adept (Chrono Boost)  
  23  2:09  Warp Gate  
  23  2:11  Probe (Chrono Boost)  
  26  2:22  Probe  
  27  2:26  Stargate  
  27  2:31  Stalker (Chrono Boost)  
  27  2:34  Probe  
  30  2:37  Probe  
  31  2:46  Probe  
  32  2:58  Probe  
  32  3:02  Void Ray (Chrono Boost)  
  32  3:04  Probe  
  32  3:05  Adept  
  40  3:16  Gateway, Probe  
  41  3:21  Probe  
  41  3:23  Pylon  
  42  3:28  Probe  
  42  3:33  Probe  
  44  3:34  Twilight Council  
  44  3:40  Probe  
  45  3:45  Probe  
  45  3:46  Pylon  
  46  3:51  Robotics Facility  
  46  3:52  Probe  
  47  3:58  Probe  
  48  4:04  Probe  
  49  4:14  Gateway  
  49  4:17  Gateway  
  49  4:18  Gateway, Charge (Chrono Boost)  
  49  4:19  Pylon  
  49  4:20  Gateway  
  49  4:27  Gateway  
  49  4:29  Sentry  
  51  4:37  Immortal (Chrono Boost)  
  51  4:42  Pylon  
  55  4:53  Zealot x2  
  55  4:57  Pylon  
  55  4:58  Pylon  
  59  5:09  Warp Prism (Chrono Boost)  
  61  5:15  Pylon  
  61  5:19  Zealot x4  
  61  5:20  Sentry  
  61  5:21  Sentry  
  73  5:38  Zealot  
  73  5:40  Zealot  
  73  5:41  Zealot x3  
  83  5:45  Zealot x2  
  87  5:52  Pylon  
  87  6:07  Zealot x3  
  87  6:08  Zealot x3  
  97  6:25  Zealot  
  77  6:28  Zealot x6  
  89  6:53  Zealot x5  
  89  6:54  Zealot x2  
  51  7:09  Nexus  
  51  7:10  Probe x2  
  51  7:15  Sentry x4  
  55  7:21  Zealot x2  
  63  7:25  Zealot  
  63  7:28  Probe x2  
  67  7:37  Observer  
  67  7:40  Probe x2  
  67  7:41  Assimilator  
  67  7:42  Assimilator  
  70  7:46  Templar Archives  
  70  7:52  Zealot x3  
  76  8:05  Probe x2  
  78  8:07  Shield Battery x2  
  78  8:20  Psionic Storm  
  78  8:21  Zealot x2  
  82  8:31  Probe x2 (Chrono Boost)  
  85  8:35  Probe (Chrono Boost)  
  85  8:37  High Templar x2  
  85  8:41  Probe (Chrono Boost)  
  90  8:42  Probe x2 (Chrono Boost)  
  90  8:44  High Templar  
  90  8:46  Probe (Chrono Boost)  
  95  8:50  Probe  
  95  8:51  Immortal (Chrono Boost), Probe  
  95  8:54  Pylon  
  101  8:57  Probe  
  101  9:00  Zealot x2  
  106  9:07  Probe x2  
  106  9:08  Assimilator  
  106  9:09  Assimilator  
  108  9:11  Pylon  
  108  9:13  High Templar  
  104  9:20  Immortal (Chrono Boost)  
  106  9:26  Zealot x2  
  110  9:31  Probe  
  110  9:32  Probe x2  
  113  9:40  High Templar x2  
  117  9:46  Nexus, Archon  
  117  9:48  Pylon  
  115  10:05  Immortal  
  115  10:06  High Templar  
  121  10:07  Zealot x2, High Templar  
  121  10:08  Zealot  
  121  10:10  Probe x3  
  121  10:14  Pylon  
  130  10:16  Pylon  
  130  10:18  Archon  
  130  10:19  Gateway  
  130  10:20  Forge  
  128  10:41  Protoss Ground Weapons Level 1 (Chrono Boost)  
  128  10:43  Zealot x2, High Templar x4  
  128  10:44  Zealot  
  128  10:46  Probe x3  
  128  10:47  Archon x2  
  145  10:56  Photon Cannon  
  145  10:57  Photon Cannon  
  145  11:07  Zealot x3  
  151  11:12  Immortal (Chrono Boost)  
  151  11:14  Gateway  
  151  11:16  Assimilator, Gateway  
  151  11:17  Assimilator  
  155  11:18  Pylon  
  155  11:20  Photon Cannon  
  155  11:30  High Templar x4  
  155  11:31  Zealot x2  
  167  11:35  Archon  
  167  11:36  Archon  
  167  11:39  Photon Cannon  
  163  11:40  Warp Prism (Chrono Boost)  
  163  11:43  Shield Battery  
  163  11:45  Shield Battery  
  163  11:53  Zealot x4  
  143  12:09  Zealot x4  
  143  12:15  Observer (Chrono Boost)  
  115  12:26  Zealot  
  115  12:27  Zealot x3  
  115  12:32  Zealot x4  
  78  12:51  High Templar x4  
  78  12:53  Zealot x2, High Templar x2  
Show
View Real Time Build Order
Export as new Build Order

Scarlett Zerg - Winner!

Build Orders: Hatch First, Lurkers 

Get SALT Encoding   

  12  0:00  Drone  
  13  0:12  Overlord  
  13  0:16  Drone  
  14  0:25  Unknown  
  14  0:30  Drone x2  
  16  0:47  Hatchery  
  15  0:50  Drone  
  15  0:53  Drone  
  15  0:57  Drone  
  18  1:08  Extractor  
  17  1:11  Spawning Pool  
  17  1:15  Drone  
  17  1:18  Drone  
  18  1:28  Drone  
  19  1:38  Drone  
  20  1:49  Drone  
  21  1:58  Queen x2  
  21  1:59  Zergling x2  
  21  2:00  Overlord  
  26  2:10  Drone  
  26  2:11  Drone  
  26  2:12  Metabolic Boost  
  28  2:21  Drone x2  
  30  2:31  Drone  
  30  2:34  Queen x2  
  35  2:40  Overlord  
  35  2:42  Zergling x2  
  36  3:07  Drone x8  
  36  3:10  Overlord  
  44  3:14  Lair, Overlord  
  44  3:17  Extractor x2  
  42  3:21  Overlord  
  42  3:22  Extractor  
  41  3:28  Drone  
  41  3:29  Drone x2  
  44  3:38  Drone  
  44  3:39  Drone  
  46  3:44  Drone x5  
  51  3:49  Overlord  
  51  3:52  Overlord  
  51  3:59  Zergling x4  
  53  4:05  Drone x2  
  55  4:13  Drone, Hydralisk Den  
  55  4:16  Overlord x2  
  55  4:17  Drone x2  
  56  4:18  Drone  
  56  4:20  Drone  
  59  4:25  Evolution Chamber  
  58  4:38  Hatchery  
  57  4:42  Grooved Spines, Hydralisk x2  
  61  4:48  Hydralisk  
  63  4:55  Hydralisk  
  63  4:56  Hydralisk x2  
  69  5:04  Hydralisk, Zerg Missile Weapons Level 1  
  71  5:11  Hydralisk x3  
  77  5:14  Overseer  
  77  5:21  Overlord x2  
  76  5:26  Hydralisk x2  
  80  5:36  Lurker Den  
  80  5:40  Hydralisk x3  
  84  5:46  Zergling x6  
  87  5:54  Muscular Augments  
  87  5:55  Hydralisk x2  
  91  6:04  Hydralisk x2  
  91  6:05  Hydralisk  
  97  6:12  Evolution Chamber  
  96  6:22  Hydralisk x3  
  88  6:27  Hydralisk  
  88  6:28  Zergling x2  
  87  6:34  Hydralisk  
  87  6:35  Zergling x12  
  95  6:40  Queen  
  97  6:50  Hydralisk x3  
  88  6:59  Hydralisk  
  88  7:00  Hydralisk  
  79  7:11  Drone x2  
  79  7:12  Drone x3  
  79  7:13  Queen  
  86  7:22  Queen  
  86  7:24  Drone x2  
  86  7:26  Drone x2  
  92  7:31  Zerg Missile Weapons Level 2  
  92  7:36  Lurker  
  93  7:37  Lurker  
  94  7:44  Overlord  
  94  7:45  Overlord x2  
  94  8:03  Queen  
  96  8:07  Drone x5, Overlord  
  96  8:08  Drone x4  
  96  8:10  Extractor  
  96  8:11  Extractor  
  96  8:12  Lurker, Infestation Pit  
  103  8:13  Lurker  
  102  8:28  Drone x6  
  108  8:36  Overlord  
  108  8:37  Drone  
  108  8:39  Drone x5  
  114  8:45  Hydralisk  
  114  8:46  Hydralisk  
  118  8:52  Hydralisk x2, Hatchery  
  121  8:58  Hive  
  121  9:02  Hydralisk x2  
  125  9:11  Overlord  
  125  9:12  Overlord x2  
  125  9:30  Drone  
  125  9:31  Drone x10  
  136  9:34  Extractor  
  136  9:36  Hydralisk  
  137  9:39  Extractor  
  137  9:43  Hydralisk x6  
  148  9:56  Lurker, Overlord x3  
  148  10:05  Drone x5  
  152  10:11  Lurker  
  152  10:12  Seismic Spines  
  152  10:13  Hydralisk x3, Zerg Missile Weapons Level 3  
  159  10:16  Viper  
  159  10:18  Viper  
  165  10:23  Zergling x2  
  165  10:24  Overlord  
  166  10:30  Lurker x3  
  166  10:34  Overlord  
  169  10:42  Lurker x2, Spine Crawler  
  168  10:43  Overseer  
  168  10:44  Hatchery  
  167  10:50  Lurker  
  167  10:56  Zergling x28  
  182  11:14  Adrenal Glands  
  182  11:15  Lurker  
  182  11:16  Lurker x3  
  182  11:18  Zergling x24  
  196  11:25  Overseer  
  198  11:32  Overseer  
  198  11:50  Adaptive Talons  
  174  12:13  Hydralisk x5  
  174  12:14  Hydralisk x11  
  196  12:20  Hydralisk x3  
  196  12:32  Lurker x2  
  196  12:33  Lurker  
  198  12:37  Extractor x2, Spine Crawler  
  198  12:38  Spore Crawler  
  198  12:40  Spore Crawler  
  187  12:47  Hydralisk x7  

Tags
 
Add a new tag
Caveats
  • Supply blocks, unpowered buildings, or Contaminate may cause inaccurate times.
  • Supply counts are checked every 10 seconds.